 Dungeon Crawl Stone Soup version 0.31.0-12-g77e489cdc1 (webtiles) character file.

Game seed: 402847400192498925

1822639 Datul the Warmonger (level 27, 180/180 HPs)
             Began as a Gnoll Delver on Jan 29, 2024.
             Was a High Priest of Okawaru.
             Escaped with the Orb
             ... and 4 runes on Feb 13, 2024!
             The game lasted 10:32:05 (109953 turns).

Datul the Warmonger (Gnoll Delver)                Turns: 109953, Time: 10:32:05

Health: 180/180    AC: 35    Str: 16    XL:     27
Magic:  46/46      EV: 18    Int: 15    God:    Okawaru [*****.]
Gold:   4128       SH: 21    Dex: 18    Spells: 13/65 levels left

rFire   + + +        b - +18 lance "Wyrmbane" {slay drac, rPois rF+ rC+ AC+3}
rCold   + + .        H - +0 kite shield {AC+3}
rNeg    + . .        x - +8 chain mail of Happiness {rElec rF++ Will+++ Str-2}
rPois   +            A - +0 hat
rElec   +            X - +0 cloak {rCorr}
rCorr   +            w - +1 pair of gloves of Jiceel {+Blink}
SInv    .            y - +0 pair of boots
Will    +++++        Q - amulet of reflection
Stlth   ++           j - ring of protection from cold
HPRegen 0.50/turn    k - ring "Dawaxuibb" {Fly rN+ rCorr}
MPRegen 0.30/turn

%: reflection
@: flying, studying 3 skills
A: fangs 1, strong nose, distributed training, antennae 1, claws 1, agile 1,
fire resistance 1, frail 2, persistent drain
0: Orb of Zot
}: 4/15 runes: decaying, serpentine, slimy, silver
a: Renounce Religion, Evoke Blink, Heroism, Finesse, Duel


You escaped.
You worshipped Okawaru.
Okawaru was extremely pleased with you.
You visited 12 branches of the dungeon, and saw 56 of its levels.
You visited the Abyss 1 time.
You visited 1 bazaar.
You also visited: Ice Cave.

You collected 7387 gold pieces.
You spent 3259 gold pieces at shops.

Inventory:

Hand Weapons
 a - the +10 zealot's sword {holy, Zealotry, *Rage rN+ EV+3}
   (You took it off an ogre mage on level 5 of the Vaults)

   Zealotry:  Whenever the wielder enters a berserk rage, their allies are
   berserked alongside them.
   EV+3:      It affects your evasion (+3).
   rN+:       It protects you from negative energy.
   *Rage:     It berserks you when you make melee attacks (+20% chance).
 b - the +18 lance "Wyrmbane" (weapon) {slay drac, rPois rF+ rC+ AC+3}
   (You took it off a deep elf death mage on level 3 of the Elven Halls)

   AC+3:      It affects your AC (+3).
   rF+:       It protects you from fire.
   rC+:       It protects you from cold.
   rPois:     It protects you from poison
Missiles
 e - 15 silver javelins (quivered)
 n - 12 javelins
 U - 18 curare-tipped darts
Armour
 w - the +1 pair of gloves of Jiceel (worn) {+Blink}
   (You acquired it on level 2 of the Swamp)

   +Blink:    It lets you blink.
 x - the +8 chain mail of Happiness (worn) {rElec rF++ Will+++ Str-2}
   (You found it on level 3 of the Swamp)

   Str-2:     It affects your strength (-2).
   rF++:      It greatly protects you from fire.
   rElec:     It insulates you from electricity.
   Will+++:   It greatly increases your willpower.
 y - a +0 pair of boots (worn)
 A - a +0 hat (worn)
 H - a +0 kite shield of protection (worn)
 T - the +3 faerie dragon scales {rF+ rCorr Str+3 Dex+2}
   (You took it off the Enchantress on level 3 of the Depths)

   Str+3:     It affects your strength (+3).
   Dex+2:     It affects your dexterity (+2).
   rF+:       It protects you from fire.
   rCorr:     It protects you from acid and corrosion.
 X - a +0 cloak of preservation (worn)
Magical Staves
 L - the staff of the Pill Bug {rC+ Str+6 Int+3 Dex-3 Ice}
   (You found it on level 3 of the Crypt)

   [staff of cold]

   Base accuracy: +5 Base damage: 5 Base attack delay: 1.2 This weapon's minimum
   attack delay (0.6) is reached at skill level 12.
   Str+6:     It affects your strength (+6).
   Int+3:     It affects your intelligence (+3).
   Dex-3:     It affects your dexterity (-3).
   rC+:       It protects you from cold.
   Ice:       It increases the power of your Ice spells.
   It falls into the 'Staves' category.
   It is a one-handed weapon.
 S - the staff of Quick Guilt {rF+ rN+ Will+ Necro}
   (You found it on level 5 of the Vaults)

   [staff of death]

   Base accuracy: +5 Base damage: 5 Base attack delay: 1.2 This weapon's minimum
   attack delay (0.6) is reached at skill level 12.
   rF+:       It protects you from fire.
   rN+:       It protects you from negative energy.
   Will+:     It increases your willpower.
   Necro:     It increases the power of your Necromancy spells.
   It falls into the 'Staves' category.
   It is a one-handed weapon.
Jewellery
 d - the ring of the Kappa {Will+ Str+2}
   (You found it on level 2 of the Dungeon)

   [ring of willpower]

   Str+2:     It affects your strength (+2).
   Will+:     It increases your willpower.
 j - a ring of protection from cold (left hand)
 k - the ring "Dawaxuibb" (right hand) {Fly rN+ rCorr}
   (You took it off a deep elf death mage on level 3 of the Elven Halls)

   [ring of flight]

   rN+:       It protects you from negative energy.
   Fly:       It grants you flight.
   rCorr:     It protects you from acid and corrosion.
 o - the ring "Atuywk" {Fire rElec Will+}
   (You found it on level 5 of the Pits of Slime)

   [ring of fire]

   Fire:      It enhances your fire magic.
   rF+:       It protects you from fire.
   rC-:       It makes you vulnerable to cold.
   rElec:     It insulates you from electricity.
   Will+:     It increases your willpower.
 D - a ring of wizardry
 E - the amulet "Yloqech" {Reflect +Inv rF+ Dex-5 Slay+6 SH+5}
   (You found it on level 5 of the Realm of Zot)

   [amulet of reflection]

   Reflect:   It reflects blocked missile attacks.
   Dex-5:     It affects your dexterity (-5).
   Slay+6:    It affects your accuracy & damage with ranged weapons and melee
   (+6).
   rF+:       It protects you from fire.
   +Inv:      It lets you turn invisible.
   SH+5:      It affects your SH (+5).
 G - the ring "Rydep" {SInv Stlth+}
   (You took it off a vault guard on level 5 of the Vaults)

   [ring of see invisible]

   SInv:      It lets you see invisible.
   Stlth+:    It makes you more stealthy.
 Q - an amulet of reflection (around neck)
 W - a ring of magical power
Talismans
 P - a talisman of death
 V - a granite talisman
Wands
 g - a wand of digging (25)
 K - a wand of roots (54)
 M - a wand of quicksilver (41)
Scrolls
 c - 7 scrolls of fog
 h - 4 scrolls of blinking
 m - 8 scrolls of fear
 p - 15 scrolls of teleportation
 F - 4 scrolls of vulnerability
 O - 2 scrolls of silence
 R - 4 scrolls of enchant armour
 Y - 10 scrolls of poison
Potions
 f - 4 potions of haste
 i - 8 potions of heal wounds
 l - 8 potions of lignification
 q - 9 potions of brilliance
 r - a potion of might
 s - 12 potions of mutation
 t - 13 potions of curing
 u - 3 potions of invisibility
 v - 4 potions of magic
 z - 3 potions of cancellation
 I - 10 potions of enlightenment
 J - 5 potions of berserk rage
 N - 3 potions of resistance
Miscellaneous
 C - a lightning rod (4/4)
 Z - a phial of floods


   Skills:
 + Level 20.7 Fighting
 + Level 21.4 Short Blades
 + Level 21.7 Long Blades
 + Level 20.3 Axes
 + Level 19.8 Maces & Flails
 + Level 19.8 Polearms
 + Level 19.8 Staves
 + Level 19.8 Ranged Weapons
 + Level 19.8 Throwing
 + Level 19.8 Armour
 + Level 20.3 Dodging
 + Level 21.6 Stealth
 + Level 19.8 Shields
 + Level 19.8 Unarmed Combat
 + Level 19.8 Spellcasting
 + Level 16.9 Conjurations
 + Level 16.9 Hexes
 + Level 16.9 Summonings
 + Level 16.9 Necromancy
 + Level 16.9 Translocations
 + Level 16.9 Fire Magic
 + Level 16.9 Ice Magic
 + Level 16.9 Air Magic
 + Level 16.9 Earth Magic
 + Level 16.9 Alchemy
 + Level 23.1 Invocations
 + Level 19.8 Evocations
 + Level 18.3 Shapeshifting


You had 13 spell levels left.
You knew the following spells:

 Your Spells              Type           Power      Damage    Failure   Level
a - Apportation           Tloc           100%       N/A       1%          1
b - Blink                 Tloc           100%       N/A       1%          2
c - Passage of Golubria   Tloc           60%        N/A       1%          4
d - Borgnjor's Vile Clut  Necr/Erth      30%        N/A       1%          5
e - Manifold Assault      Tloc           60%        N/A       1%          4
f - Fireball              Conj/Fire      30%        3d13      1%          5
h - Ozocubu's Refrigerat  Ice            30%        4d14      17%         7
i - Irradiate             Conj/Alch      30%        3d21      1%          5
E - Enfeeble              Hex            30%        N/A       17%         7
O - Orb of Destruction    Conj           30%        9d10      17%         7
S - Silence               Hex/Air        30%        N/A       1%          5

Your spell library contained the following spells:

 Spells                   Type           Power      Damage    Failure   Level
 Freeze                   Ice            100%       1d10      1%          1
 Kiss of Death            Conj/Necr      100%       2d13      1%          1
 Magic Dart               Conj           100%       1d8       1%          1
 Sandblast                Erth           100%       2d20      1%          1
 Sting                    Conj/Alch      100%       1d9       1%          1
 Cigotuvi's Dreadful Rot  Necr/Alch/Air  100%       N/A       1%          2
 Ensorcelled Hibernation  Hex/Ice        100%       N/A       1%          2
 Jinxbite                 Hex            100%       N/A       1%          2
 Searing Ray              Conj           100%       2d8       1%          2
 Static Discharge         Conj/Air       100%       3-8/arc   1%          2
 Sublimation of Blood     Necr           60%        N/A       1%          2
 Confusing Touch          Hex            60%        N/A       1%          3
 Dazzling Flash           Conj/Hex       100%       N/A       1%          3
 Frozen Ramparts          Ice            100%       1d16      1%          3
 Fugue of the Fallen      Necr           60%        N/A       1%          3
 Gell's Gravitas          Tloc           60%        N/A       1%          3
 Hailstorm                Conj/Ice       60%        3d11      1%          3
 Inner Flame              Hex/Fire       60%        N/A       1%          3
 Mephitic Cloud           Conj/Alch/Air  60%        N/A       1%          3
 Ozocubu's Armour         Ice            60%        N/A       1%          3
 Passwall                 Erth           60%        N/A       1%          3
 Stone Arrow              Conj/Erth      100%       3d13      1%          3
 Teleport Other           Tloc           60%        N/A       1%          3
 Volatile Blastmotes      Fire/Tloc      100%       2d18      1%          3
 Airstrike                Air            30%        2d(5-21)  1%          4
 Anguish                  Hex/Necr       30%        N/A       1%          4
 Brom's Barrelling Bould  Conj/Erth      60%        2d8       1%          4
 Cause Fear               Hex            30%        N/A       1%          4
 Dimensional Bullseye     Hex/Tloc       30%        N/A       1%          4
 Dispel Undead            Necr           60%        3d21      1%          4
 Flame Wave               Conj/Fire      60%        2d14      1%          4
 Fulminant Prism          Conj/Alch      30%        3d15      1%          4
 Ignite Poison            Fire/Alch      60%        N/A       1%          4
 Iskenderun's Mystic Bla  Conj/Tloc      60%        2d13      1%          4
 Sticky Flame             Fire/Alch      60%        2d10      1%          4
 Alistair's Intoxication  Alch           40%        N/A       1%          5
 Curse of Agony           Necr           60%        N/A       1%          5
 Yara's Violent Unravell  Hex/Alch       30%        3d13      1%          5
 Dispersal                Tloc           30%        N/A       3%          6
 Disjunction              Tloc           30%        N/A       80%         8
 Ignition                 Fire           30%        3d10      80%         8
 Lehudib's Crystal Spear  Conj/Erth      30%        10d8      80%         8
 Chain Lightning          Conj/Air       30%        3d40      100%        9
 Fire Storm               Conj/Fire      30%        8d8       100%        9
 Polar Vortex             Ice            30%        12d4*     100%        9
 Shatter                  Erth           30%        3d25*     100%        9
 Call Imp                 Summ           Unusable   N/A       N/A         2
 Summon Ice Beast         Ice/Summ       Unusable   N/A       N/A         3
 Tukima's Dance           Hex            Unusable   N/A       N/A         3
 Animate Armour           Summ/Erth      Unusable   N/A       N/A         4
 Animate Dead             Necr           Unusable   N/A       N/A         4
 Martyr's Knell           Necr/Summ      Unusable   N/A       N/A         4
 Summon Blazeheart Golem  Fire/Summ      Unusable   N/A       N/A         4
 Summon Lightning Spire   Summ/Air       Unusable   N/A       N/A         4
 Summon Mana Viper        Hex/Summ       Unusable   N/A       N/A         5
 Death Channel            Necr           Unusable   N/A       N/A         6
 Sculpt Simulacrum        Ice/Alch       Unusable   N/A       N/A         6
 Malign Gateway           Summ/Tloc      Unusable   N/A       N/A         7
 Monstrous Menagerie      Summ           Unusable   N/A       N/A         7
 Spellforged Servitor     Conj/Summ      Unusable   N/A       N/A         7
 Summon Hydra             Summ           Unusable   N/A       N/A         7
 Dragon's Call            Summ           Unusable   N/A       N/A         9

Dungeon Overview and Level Annotations

Branches:
Dungeon (15/15)            Temple (1/1) D:6            Lair (5/5) D:11
  Swamp (4/4) Lair:2        Snake (4/4) Lair:3        Slime (5/5) Lair:5
    Orc (2/2) D:12            Elf (3/3) Orc:2        Vaults (5/5) D:13
  Crypt (3/3) Vaults:3       Tomb (0/3) Crypt:3      Depths (4/4) D:15
    Zot (5/5) Depths:4      IceCv (visited)

Altars:
Ashenzari
Cheibriados
Dithmenos
Elyvilon
Fedhas
Gozag
Hepliaklqana
Kikubaaqudgha
Makhleb
Nemelex Xobeh
Okawaru
Qazlal
Ru
Sif Muna
Trog
Uskayaw
Vehumet
Wu Jian
Xom
Yredelemnul
Zin
The Shining One
Jiyva

Shops:
D:5 [(   Orc:2 *(?(   Elf:1 (   Elf:2 (   Elf:3 *?   Vaults:1 (
Vaults:2 ?:**[   Depths:2 *

Portals:
Hell: Depths:1 Depths:2 Depths:3 Depths:4
Abyss: Depths:2 Depths:3
Pandemonium: Depths:2
Ziggurat: Depths:3

Annotations:
Swamp:3 3 runed translucent doors, Nomoy's ghost, adept NaFi
Elf:1 exclusion: dancing weapon
Elf:2 3 runed translucent doors
Vaults:4 exclusion: 3 doors
Crypt:2 2 runed translucent doors, Vailuoroe's ghost, veteran GrEE
Depths:4 exclusion: door
Zot:3 exclusion: upstairs, Tiamat


Innate Abilities, Weirdness & Mutations

You have very sharp teeth.
Your uncanny sense of smell can sniff out nearby items.
Your experience applies equally to all skills.
You have a pair of small antennae on your head.
You have sharp fingernails.
You are agile. (Dex +4, Str/Int -1)
Your flesh is heat resistant. (rF+)
You are very frail. (-20% HP)
Your health recovers twice as slowly from being drained.


Message History

There is an open door here.
There is a stone staircase leading up here.
You fly upwards.
There is a stone staircase leading down here.
A great orb of eyes comes into view.
You impale the great orb of eyes!!
The great orb of eyes is moderately wounded.
You puncture the great orb of eyes!
The great orb of eyes is severely wounded.
You block the great orb of eyes's attack.
The great orb of eyes attacks as it pursues you!
You block the great orb of eyes's attack.
There is a stone staircase leading up here.
You impale the great orb of eyes!!
You bite the great orb of eyes, but do no damage.
The great orb of eyes is almost dead.
The great orb of eyes gazes at you. You resist with almost no effort.
You puncture the great orb of eyes!
You kill the great orb of eyes!
Okawaru accepts your kill.
You fly upwards.
There is a stone staircase leading down here.
There is a stone staircase leading up here.
You fly upwards.
There is a stone staircase leading down here.
There is a stone staircase leading up here.
You fly upwards.
There is a stone staircase leading down here.
A large abomination comes into view.
The large abomination moves out of view.
An Executioner comes into view.
There is a stone staircase leading up here.
You fly upwards.
There is a stone staircase leading down here.
There is a stone staircase leading up here.
You fly upwards.
There is a stone staircase leading down here.
There is a staircase leading out of the dungeon here.
You have escaped!

####..[.........######
##...........###....... #######
#..#.....#...########## ......#
###..##...##.......# ......#
#....###.###....##.##
......###.###.##.##.###..#..#
......#....###.#.#.###...##.#
..)...#.#...###...###.....#.#####
................@................
......##....###...###...#........
......##...###.#.#.###..###...>รท.
......##..###.##.##.###.# ###....
.............###.###....# #....
#............##...##..### #....
####..###....#.....#..# ##....
##................#######.....
##............................


There were no monsters in sight!

Vanquished Creatures
  the Royal Jelly (Arena)
  Frederick (Depths:4)
  A dread lich (Zot:5)
  2 ancient liches
  4 juggernauts
  2 orbs of fire (Zot:5)
  Sojobo (Vaults:2)
  4 Killer Klowns
  Bai Suzhen (Depths:2)
  Vashnia (Snake:4)
  2 curse toes (Zot:4)
  4 caustic shrikes
  Nikola (Vaults:1)
  9 golden dragons
  the Enchantress (Depths:3)
  Norris (Depths:2)
  A bone dragon (Depths:4)
  An electric golem (Arena)
  Jorgrun (Swamp:1)
  A hellephant (Abyss:2)
  25 Orb Guardians
  12 tentacled monstrosities
  A Hell Sentinel (Depths:4)
  8 liches
  An Ice Fiend (Depths:2)
  3 quicksilver dragons
  2 deep elf master archers (Elf:3)
  3 titans
  A walking frostbound tome (Depths:2)
  4 sphinxes
  2 deep elf blademasters (Elf:3)
  21 acid blobs
  4 death cobs
  2 walking divine tomes (Depths:3)
  Frances (Swamp:1)
  4 tentacled starspawn
  2 ancient champions (Crypt:1)
  16 storm dragons
  A thorn hunter (Swamp:3)
  Roxanne (Swamp:3)
  10 tengu reavers
  Aizul (Swamp:1)
  12 rockslimes
  3 draconian knights
  A fenstrider witch (Swamp:4)
  8 shadow dragons
  11 azure jellies
  8 fire giants
  5 draconian monks
  9 nagarajas
  2 protean progenitors (Zot:5)
  2 iron dragons
  4 caustic shrike zombies (Zot:1)
  13 frost giants
  7 deep elf elementalists (Elf:3)
  21 vault wardens
  10 deep elf sorcerers
  4 draconian shifters
  A demonspawn warmonger (Zot:5)
  Louise (Swamp:1)
  4 draconian scorchers
  3 draconian annihilators
  7 ghouls
  4 reapers
  2 juggernaut zombies
  4 balrugs
  The ghost of madasgardian the Frost Mage, a journeyman DgIE (Swamp:1)
  3 ghost moths
  7 draconian stormcallers
  15 quicksilver oozes
  3 spriggan defenders (Depths:3)
  A formless jellyfish (Slime:5)
  2 broodmothers (Zot:5)
  6 ironbound thunderhulks
  18 stone giants
  28 very ugly things
  21 ironbound preservers
  8 green draconians
  7 deep elf demonologists
  A demonspawn black sun (Zot:5)
  10 vampire knights
  9 black draconians
  9 deep elf death magi
  13 white draconians
  2 lorocyprocas (Zot:1)
  6 yellow draconians
  23 spark wasps
  9 eleionomae
  4 dire elephants
  5 war gargoyles
  8 deep elf annihilators
  7 red draconians
  7 purple draconians
  4 bunyips
  8 eidola
  9 crystal guardians
  11 fire dragons
  3 entropy weavers
  2 quicksilver dragon zombies (Crypt:3)
  A green death (D:14)
  13 ettins
  11 deep elf high priests
  A mummy priest (Crypt:3)
  The ghost of Xeikkuus the Cleaver, a journeyman MiFi of Okawaru (D:12)
  Josephine (D:11)
  16 yaktaur captains
  5 spriggan zombies (Crypt:3)
  Erolcha (D:12)
  2 jiangshi
  3 shambling mangroves
  2 quicksilver dragon skeletons
  7 rakshasas
  15 hydras
  34 vault guards
  3 peacekeepers
  5 great orbs of eyes
  12 alligators
  A ghost crab (Arena)
  2 ogre magi
  2 catoblepae
  8 boulder beetles
  23 ice dragons
  3 salamander tyrants
  10 ironbound frosthearts
  8 anacondas
  18 centaur warriors
  A sphinx zombie (Vaults:2)
  6 spriggan air magi
  A bennu zombie (Crypt:1)
  A death knight (D:12)
  6 two-headed ogres
  14 dancing weapons
  A hell hog (Abyss:2)
  12 deep troll shamans
  An orc high priest (Orc:2)
  4 vampire magi
  3 thrashing horrors (Abyss:2)
  12 deep troll earth magi
  12 naga sharpshooters
  20 naga warriors
  9 death yaks
  2 shock serpents
  23 hell knights
  3 spriggan berserkers
  9 deep elf knights
  8 soul eaters
  3 sun demons
  A wretched star (Abyss:3)
  A shining eye (shapeshifter) (Depths:3)
  14 iron trolls
  A storm dragon skeleton (Crypt:1)
  9 skysharks
  A shadow wraith (D:12)
  A bunyip zombie (Crypt:1)
  A skyshark (shapeshifter) (Zot:1)
  A death drake (Swamp:4)
  19 skeletal warriors
  2 flayed ghosts
  4 salamander mystics
  4 naga ritualists
  76 deep trolls
  5 goliath frogs
  12 mana vipers
  A mana viper (shapeshifter) (Depths:2)
  4 swamp dragons
  4 large abominations (Abyss:2)
  2 glowing orange brains
  4 sea snakes
  9 lindwurms
  A sixfirhy (Zot:1)
  4 spriggan druids
  10 deep elf archers
  A swamp dragon (shapeshifter) (Elf:1)
  4 bog bodies
  A bunyip skeleton (Crypt:3)
  8 arcanists
  A deep troll (shapeshifter) (Depths:3)
  A jorogumo zombie (Crypt:2)
  20 necromancers
  23 ironbound convokers
  A steelbarb worm (Snake:3)
  4 harpies
  22 deep elf zephyrmancers
  16 phantasmal warriors
  An alligator zombie (Crypt:1)
  A steelbarb worm (shapeshifter) (Zot:1)
  7 orc knights
  2 stone giant zombies (Crypt:3)
  A death drake (shapeshifter) (Depths:3)
  3 orc sorcerers (Orc:2)
  2 wolf spiders
  An oklob plant (Lair:1)
  21 deep elf pyromancers
  4 cyclopes
  34 ugly things
  2 shining eyes
  2 worldbinders (Abyss:2)
  3 will-o-the-wisps
  6 manticores
  A faun (shapeshifter) (Vaults:5)
  4 elephants (Lair:5)
  A stone giant skeleton (Vaults:2)
  32 black mambas
  26 moths of wrath
  24 salamanders
  3 meliai (Abyss:3)
  2 apocalypse crabs (Zot:1)
  9 guardian serpents
  4 kobold blastminers (Orc:2)
  An elf zombie (Vaults:2)
  A fire giant skeleton (Crypt:2)
  16 vault sentinels
  2 eyes of devastation (shapeshifter)
  An eye of devastation (Slime:1)
  A torpor snail (shapeshifter) (Depths:4)
  11 naga magi
  A yellow draconian zombie (Crypt:2)
  A water nymph (D:15)
  10 starcursed masses (Abyss:2)
  3 cane toads (shapeshifter)
  An elephant slug zombie (Crypt:2)
  2 centaur skeletons (Crypt:3)
  A gargoyle (D:12)
  An unseen horror (shapeshifter) (Elf:1)
  17 cane toads
  An orc skeleton (Crypt:1)
  4 unseen horrors
  A dire elephant skeleton (Crypt:3)
  A mana viper skeleton (Crypt:1)
  Jeremiah (D:7)
  2 kobold demonologists
  12 freezing wraiths
  9 komodo dragons
  41 yaktaurs
  11 rime drakes
  3 tengu conjurers
  A human skeleton (Vaults:2)
  2 guardian mummies (Crypt:3)
  A queen bee (D:11)
  9 polar bears (IceCv)
  A merfolk (shapeshifter) (Vaults:1)
  13 tyrant leeches
  14 hellwings
  2 harpy zombies (Crypt:3)
  7 trolls
  4 bloated husks
  A polar bear (shapeshifter) (Elf:1)
  19 hornets
  A wind drake (shapeshifter) (Elf:1)
  Grinder (D:3)
  A hydra skeleton (Crypt:3)
  A dream sheep (shapeshifter) (Depths:4)
  6 raiju (Abyss:2)
  7 saltlings
  8 blink frogs
  2 harpy skeletons (Crypt:3)
  3 glass eyes
  A snapping turtle (Snake:4)
  3 glass eyes (shapeshifter)
  A raiju (shapeshifter) (Depths:3)
  A dream sheep (Lair:2)
  104 slime creatures
  A shadow (D:11)
  3 air elementals
  3 ettin zombies
  Sigmund (D:6)
  2 centaur simulacra (D:12)
  12 spriggans
  A vampire (D:5)
  2 spriggans (shapeshifter)
  16 wraiths
  An ice dragon skeleton (Crypt:1)
  A naga simulacrum (Crypt:1)
  A ynoxinul (Abyss:2)
  7 water elementals
  3 wyverns
  63 yaks
  A human (Lair:2)
  10 golden eyes
  A black mamba skeleton (Abyss:2)
  11 basilisks
  An ushabti (Crypt:3)
  5 wargs
  3 redbacks
  6 swamp worm simulacra (Swamp:4)
  A neqoxec (Abyss:3)
  5 fire elementals
  A chaos spawn (Abyss:2)
  10 vampire mosquitoes
  Menkaure (D:6)
  A deep troll zombie (Crypt:3)
  53 nagas
  17 swamp worms
  An acid dragon (shapeshifter) (D:14)
  16 hydra simulacra (Swamp:4)
  4 acid dragons
  11 water moccasins
  A deep troll skeleton (Crypt:3)
  Duvessa (D:6)
  3 sky beasts (D:7)
  3 swamp drakes
  9 black bears
  18 orc warriors
  6 ogres
  8 laughing skulls (Crypt:1)
  13 wolves
  A swamp dragon zombie (Crypt:1)
  20 centaurs
  A fire crab zombie (Crypt:2)
  Blork the orc (D:4)
  A hog skeleton (Crypt:2)
  3 kobold brigands (D:10)
  A brain worm (Abyss:3)
  9 bullfrogs
  4 scorpions (D:6)
  3 earth elementals
  2 necrophages
  A yaktaur skeleton (Crypt:2)
  2 small abominations (Abyss:2)
  A water moccasin zombie (Crypt:2)
  5 wyvern skeletons (Crypt:3)
  Dowan (D:6)
  A queen bee zombie (Crypt:1)
  42 killer bees
  7 howler monkeys
  8 electric eels
  3 bombardier beetles
  2 hounds (D:5)
  A jelly (D:6)
  18 orc priests
  2 gnoll boudas
  3 iguanas (D:5)
  A sleepcap (D:6)
  Jessica (D:2)
  9 orc wizards
  A boggart skeleton (Crypt:1)
  7 gnolls
  17 adders
  2 white imps (D:7)
  2 ufetubi (D:6)
  2 swamp drake simulacra (Swamp:4)
  3 ribbon worms
  8 dart slugs
  65 orcs
  12 bats
  7 endoplasms
  5 goblins
  6 hobgoblins
  4 jackals (D:2)
  A quokka (D:2)
  6 ball pythons
  5 frilled lizards
  14 kobolds
  11 rats
  5 butterflies
  3 spectral weapons (Zot:5)
  2 starspawn tentacles
2479 creatures vanquished.

Vanquished Creatures (collateral kills)
  A boulder (Swamp:3)
1 creature vanquished.

Vanquished Creatures (others)
  A lich (Crypt:3)
  2 fire giants
  A draconian monk (Zot:2)
  A quicksilver ooze (Zot:1)
  A red draconian (Zot:2)
  A jiangshi (Crypt:2)
  A boulder beetle (Vaults:1)
  A spriggan (Swamp:3)
  2 skeletal warriors (Crypt:2)
  A deep elf zephyrmancer (Elf:2)
  A moth of wrath (Zot:2)
  A tengu conjurer (D:15)
  A bloated husk (Swamp:2)
  A hornet (Swamp:3)
  A swamp drake (Swamp:1)
  An ufetubus (Abyss:2)
  3 boulders
  17 foxfires
  5 starspawn tentacles
43 creatures vanquished.

Grand Total: 2523 creatures vanquished

Notes
Turn   | Place    | Note
-------+----------+-------------------------------------------
     0 | D:5      | Datul the Gnoll Delver began the quest for the Orb.
     0 | D:5      | Reached XP level 1. HP: 23/23 MP: 1/1
    25 | D:5      | Noticed an iguana
    35 | D:5      | Noticed a hound
    56 | D:5      | Found Gaowkous's Antique Armour Shoppe.
    59 | D:5      | Noticed a black bear
    94 | D:5      | Noticed a vampire
   100 | D:5      | Noticed an iguana
   154 | D:5      | Noticed an orc priest
   176 | D:5      | Noticed a hound
   176 | D:5      | Noticed a bombardier beetle
   191 | D:5      | Noticed an orc priest
   193 | D:5      | Found Gamino Zithri's Antique Weapon Shop.
   358 | D:3      | Reached XP level 2. HP: 29/29 MP: 2/2
   604 | D:1      | Reached XP level 3. HP: 35/35 MP: 3/3
   667 | D:1      | Found a faded altar of an unknown god.
   880 | D:1      | Reached skill level 1 in Invocations
  1076 | D:1      | Reached skill level 1 in Short Blades
  1076 | D:1      | Reached skill level 1 in Long Blades
  1076 | D:1      | Reached skill level 1 in Maces & Flails
  1076 | D:1      | Reached skill level 1 in Polearms
  1076 | D:1      | Reached skill level 1 in Staves
  1076 | D:1      | Reached skill level 1 in Ranged Weapons
  1076 | D:1      | Reached skill level 1 in Throwing
  1076 | D:1      | Reached skill level 1 in Armour
  1076 | D:1      | Reached skill level 1 in Shields
  1076 | D:1      | Reached skill level 1 in Unarmed Combat
  1076 | D:1      | Reached skill level 1 in Spellcasting
  1076 | D:1      | Reached skill level 1 in Evocations
  1097 | D:1      | Reached skill level 1 in Shapeshifting
  1097 | D:1      | Reached XP level 4. HP: 41/41 MP: 5/5
  1207 | D:2      | Reached skill level 1 in Conjurations
  1207 | D:2      | Reached skill level 1 in Hexes
  1207 | D:2      | Reached skill level 1 in Summonings
  1207 | D:2      | Reached skill level 1 in Necromancy
  1207 | D:2      | Reached skill level 1 in Translocations
  1207 | D:2      | Reached skill level 1 in Fire Magic
  1207 | D:2      | Reached skill level 1 in Ice Magic
  1207 | D:2      | Reached skill level 1 in Air Magic
  1207 | D:2      | Reached skill level 1 in Earth Magic
  1207 | D:2      | Reached skill level 1 in Alchemy
  1254 | D:2      | Noticed Jessica
  1267 | D:2      | Killed Jessica
  1273 | D:2      | Reached XP level 5. HP: 18/47 MP: 5/7
  1527 | D:2      | Identified the ring of the Kappa {Will+ Str+2}
  1877 | D:3      | Noticed Grinder
  2033 | D:4      | Noticed Blork the orc
  2112 | D:4      | Found a glowing golden altar of the Shining One.
  2174 | D:4      | Noticed an ogre
  2211 | D:4      | Killed an ogre
  2212 | D:4      | Reached skill level 5 in Axes
  2212 | D:4      | Reached skill level 5 in Dodging
  2212 | D:4      | Reached skill level 2 in Invocations
  2212 | D:4      | Reached XP level 6. HP: 26/53 MP: 8/8
  2551 | D:4      | Killed Blork the orc
  2890 | D:6      | Noticed Menkaure
  2906 | D:6      | Reached XP level 7. HP: 43/60 MP: 10/10
  3177 | D:6      | Reached skill level 10 in Stealth
  3177 | D:6      | Reached skill level 3 in Invocations
  3284 | D:6      | Found a bloodstained altar of Trog.
  3285 | D:6      | Found a blossoming altar of Fedhas.
  3472 | D:6      | Identified the +0 chain mail "Icuotsij" {+Blink rElec rF-
                  | rN++}
  3480 | D:6      | Found an ornate altar of the Wu Jian Council.
  3537 | D:6      | Found a staircase to the Ecumenical Temple.
  3540 | D:6      | Found a burning altar of Makhleb.
  3547 | Temple   | Entered the Ecumenical Temple
  3562 | D:6      | Reached XP level 8. HP: 60/67 MP: 12/12
  3603 | D:6      | Noticed Duvessa
  3603 | D:6      | Noticed Dowan
  3718 | D:6      | Noticed Sigmund
  3726 | D:6      | Killed Sigmund
  4458 | D:6      | Reached skill level 4 in Invocations
  4723 | D:6      | Killed Menkaure
  4912 | D:7      | Found an iron altar of Okawaru.
  4925 | D:7      | Became a worshipper of Warmaster Okawaru
  4961 | D:7      | Noticed Jeremiah
  4989 | D:7      | Killed Jeremiah
  4990 | D:7      | Reached XP level 9. HP: 73/73 MP: 13/15
  5037 | D:7      | Reached * piety under Okawaru
  5374 | D:7      | Reached skill level 5 in Invocations
  6246 | D:8      | Reached ** piety under Okawaru
  7253 | D:9      | Reached skill level 5 in Short Blades
  7253 | D:9      | Reached skill level 5 in Long Blades
  7253 | D:9      | Reached skill level 5 in Maces & Flails
  7253 | D:9      | Reached skill level 5 in Polearms
  7253 | D:9      | Reached skill level 5 in Staves
  7253 | D:9      | Reached skill level 5 in Ranged Weapons
  7253 | D:9      | Reached skill level 5 in Throwing
  7253 | D:9      | Reached skill level 5 in Armour
  7253 | D:9      | Reached skill level 5 in Shields
  7253 | D:9      | Reached skill level 5 in Unarmed Combat
  7253 | D:9      | Reached skill level 5 in Spellcasting
  7253 | D:9      | Reached skill level 5 in Evocations
  7253 | D:9      | Reached XP level 10. HP: 55/81 MP: 17/17
  7739 | D:9      | Found an ancient bone altar of Kikubaaqudgha.
  7797 | D:9      | Reached *** piety under Okawaru
  8089 | D:10     | Entered Level 10 of the Dungeon
  8102 | D:10     | Identified the +7 chain mail of Submission {-Cast rElec
                  | Dex+5}
  8165 | D:9      | Reached skill level 6 in Invocations
  8182 | D:9      | Killed an unseen horror
  8183 | D:9      | Reached skill level 5 in Shapeshifting
  8625 | D:10     | Reached **** piety under Okawaru
  9160 | D:10     | Found a snail-covered altar of Cheibriados.
  9266 | D:11     | Found a staircase to the Lair.
  9286 | D:11     | Noticed a cyclops
  9286 | D:11     | Noticed a kobold demonologist
  9291 | D:11     | Killed a kobold demonologist
  9292 | D:11     | Reached skill level 5 in Conjurations
  9292 | D:11     | Reached skill level 5 in Hexes
  9292 | D:11     | Reached skill level 5 in Summonings
  9292 | D:11     | Reached skill level 5 in Necromancy
  9292 | D:11     | Reached skill level 5 in Translocations
  9292 | D:11     | Reached skill level 5 in Fire Magic
  9292 | D:11     | Reached skill level 5 in Ice Magic
  9292 | D:11     | Reached skill level 5 in Air Magic
  9292 | D:11     | Reached skill level 5 in Earth Magic
  9292 | D:11     | Reached skill level 5 in Alchemy
  9292 | D:11     | Reached XP level 11. HP: 62/89 MP: 20/20
  9565 | D:11     | Noticed a cyan ugly thing
  9584 | D:11     | Killed a cyclops
  9591 | D:11     | Killed a cyan ugly thing
  9726 | D:11     | Noticed a manticore
  9785 | D:11     | Noticed a boulder beetle
  9850 | D:11     | Reached skill level 7 in Invocations
  9909 | D:11     | Reached ***** piety under Okawaru
 10530 | Lair:1   | Entered Level 1 of the Lair of Beasts
 10530 | Lair:1   | Found an opulent altar of Gozag.
 11090 | Lair:1   | Received a gift from Okawaru
 11281 | Lair:1   | Found a blossoming altar of Fedhas.
 11442 | Lair:1   | Noticed an oklob plant
 11622 | Lair:2   | Noticed a death yak
 11622 | Lair:2   | Noticed a death yak
 11622 | Lair:2   | Noticed a death yak
 11625 | Lair:2   | Noticed a five-headed hydra
 11812 | Lair:2   | Reached XP level 12. HP: 71/97 MP: 22/22
 12036 | Lair:2   | Reached skill level 8 in Invocations
 12237 | Lair:2   | Paralysed by a hornet for 1 turns
 12244 | Lair:2   | Paralysed by a hornet for 3 turns
 12431 | Lair:2   | Reached skill level 10 in Fighting
 12467 | Lair:2   | Noticed an eight-headed hydra
 12483 | Lair:2   | Killed an eight-headed hydra
 12483 | Lair:2   | Received a gift from Okawaru
 12494 | Lair:2   | Identified the +7 scimitar of the Conjuring Gods {flame,
                  | rElec rPois Will- Str+3}
 12825 | Lair:2   | Noticed a skyshark
 13011 | Lair:2   | You fall into a shaft and drop 1 floor!
 13075 | Lair:3   | Noticed a seven-headed hydra
 13088 | Lair:3   | Killed a three-headed hydra
 13109 | Lair:3   | Noticed a six-headed hydra
 13119 | Lair:3   | Killed a five-headed hydra
 13307 | Lair:2   | Killed a three-headed hydra
 13348 | Lair:2   | Killed a death yak
 13348 | Lair:2   | Reached ****** piety under Okawaru
 13439 | Lair:2   | Killed a death yak
 13455 | Lair:2   | Killed a death yak
 13455 | Lair:2   | Received a gift from Okawaru
 13606 | Lair:2   | Reached XP level 13. HP: 87/104 MP: 25/25
 13875 | Lair:2   | Found a runed translucent door.
 13887 | Lair:2   | Reached skill level 9 in Invocations
 14290 | Lair:2   | Found a staircase to the Swamp.
 14454 | Lair:3   | Found a staircase to the Snake Pit.
 15404 | Lair:4   | Received a gift from Okawaru
 16330 | Lair:4   | Reached skill level 10 in Axes
 16330 | Lair:4   | Reached skill level 10 in Dodging
 16342 | Lair:4   | Received a gift from Okawaru
 16683 | Lair:5   | Entered Level 5 of the Lair of Beasts
 17156 | Lair:5   | Reached skill level 10 in Invocations
 17156 | Lair:5   | Reached XP level 14. HP: 54/113 MP: 27/27
 17164 | Lair:5   | Received a gift from Okawaru
 17458 | Lair:5   | Found a viscous altar of Jiyva.
 17458 | Lair:5   | Found a staircase to the Slime Pits.
 17864 | Lair:5   | Received a gift from Okawaru
 18447 | D:3      | Killed Grinder
 18680 | D:6      | Killed Duvessa
 18687 | D:6      | Killed Dowan
 19417 | D:12     | Noticed Erolcha
 19700 | D:12     | Killed Erolcha
 19852 | D:12     | Noticed Josephine
 19990 | D:11     | Killed Josephine
 20417 | D:12     | Found a staircase to the Orcish Mines.
 20870 | D:12     | Received a gift from Okawaru
 21246 | D:12     | Found a transporter.
 21250 | D:12     | Noticed Xeikkuus's ghost (journeyman MiFi)
 21253 | D:12     | Noticed a vampire knight
 21282 | D:12     | Found a transporter.
 21398 | Orc:1    | Entered Level 1 of the Orcish Mines
 21434 | Orc:2    | Entered Level 2 of the Orcish Mines
 22168 | Orc:2    | Found a staircase to the Elven Halls.
 22503 | Orc:2    | Reached skill level 10 in Short Blades
 22503 | Orc:2    | Reached skill level 10 in Long Blades
 22503 | Orc:2    | Reached skill level 10 in Maces & Flails
 22503 | Orc:2    | Reached skill level 10 in Polearms
 22503 | Orc:2    | Reached skill level 10 in Staves
 22503 | Orc:2    | Reached skill level 10 in Ranged Weapons
 22503 | Orc:2    | Reached skill level 10 in Throwing
 22503 | Orc:2    | Reached skill level 10 in Armour
 22503 | Orc:2    | Reached skill level 10 in Shields
 22503 | Orc:2    | Reached skill level 10 in Unarmed Combat
 22503 | Orc:2    | Reached skill level 10 in Spellcasting
 22503 | Orc:2    | Reached skill level 10 in Evocations
 22592 | Orc:2    | Noticed Nessos
 22817 | Orc:2    | Reached XP level 15. HP: 48/118 MP: 29/29
 22819 | Orc:2    | Learned a level 1 spell: Apportation
 22999 | Orc:2    | Learned a level 3 spell: Stone Arrow
 23009 | Orc:2    | Found Zivour's Weapon Emporium.
 23058 | Orc:2    | Found Wakh's Assorted Antiques.
 23117 | Orc:2    | Reached skill level 11 in Invocations
 23126 | Orc:2    | Nessos changed into Nessos the komodo dragon
 23126 | Orc:2    | Noticed Nessos
 23132 | Orc:2    | Killed Nessos the komodo dragon
 23172 | Orc:2    | Bought a green potion for 25 gold pieces
 23232 | Orc:2    | Received a gift from Okawaru
 23408 | Orc:2    | Found Bogh's Weapon Boutique.
 23410 | Orc:2    | Found Pokhloka's Magic Scroll Boutique.
 24188 | D:5      | Bought a distressingly furry plate armour for 616 gold
                  | pieces
 24188 | D:5      | Identified the +5 plate armour "Garyh" {rN+} (You bought it
                  | in a shop on level 5 of the Dungeon)
 24188 | D:5      | Bought a pair of glowing gloves for 165 gold pieces
 25228 | D:13     | Received a gift from Okawaru
 25316 | D:13     | Found a gate to the Vaults.
 26554 | D:15     | Entered Level 15 of the Dungeon
 26743 | D:15     | Found a staircase to the Depths.
 27257 | D:15     | Identified the +3 hand axe of the Hurling Gods {heavy,
                  | rCorr MP+9}
 27513 | D:15     | Received a gift from Okawaru
 27582 | D:15     | Identified the +4 scale mail of Zin's Wrath {Slay+2}
 28248 | Orc:2    | Learned a level 4 spell: Passage of Golubria
 28303 | Orc:2    | Bought an emerald ring for 140 gold pieces
 28303 | Orc:2    | Bought a jewelled ring mail for 252 gold pieces
 28303 | Orc:2    | Identified the +1 ring mail of Fedhas's Felicitations {rF-
                  | rC++ Dex+4} (You bought it in a shop on level 2 of the
                  | Orcish Mines)
 28445 | Snake:1  | Entered Level 1 of the Snake Pit
 28905 | Snake:1  | Reached skill level 10 in Shapeshifting
 28918 | Snake:1  | Received a gift from Okawaru
 28920 | Snake:1  | Reached XP level 16. HP: 30/129 MP: 0/30
 29545 | Snake:1  | Reached skill level 12 in Invocations
 30397 | Snake:2  | Received a gift from Okawaru
 31804 | Snake:2  | Received a gift from Okawaru
 33693 | Snake:3  | Received a gift from Okawaru
 34047 | Snake:4  | Entered Level 4 of the Snake Pit
 34593 | Snake:4  | Reached XP level 17. HP: 137/137 MP: 32/32
 34939 | Snake:4  | Noticed Vashnia
 35255 | Swamp:1  | Entered Level 1 of the Swamp
 35334 | Swamp:1  | Reached skill level 10 in Conjurations
 35334 | Swamp:1  | Reached skill level 10 in Hexes
 35334 | Swamp:1  | Reached skill level 10 in Summonings
 35334 | Swamp:1  | Reached skill level 10 in Necromancy
 35334 | Swamp:1  | Reached skill level 10 in Translocations
 35334 | Swamp:1  | Reached skill level 10 in Fire Magic
 35334 | Swamp:1  | Reached skill level 10 in Ice Magic
 35334 | Swamp:1  | Reached skill level 10 in Air Magic
 35334 | Swamp:1  | Reached skill level 10 in Earth Magic
 35334 | Swamp:1  | Reached skill level 10 in Alchemy
 35567 | Swamp:1  | Received a gift from Okawaru
 36030 | Swamp:1  | Found a large runed translucent door.
 36032 | Swamp:1  | Found a large runed translucent door.
 36033 | Swamp:1  | Noticed madasgardian's ghost (journeyman DgIE)
 36348 | Swamp:1  | Killed madasgardian's ghost
 36349 | Swamp:1  | Reached skill level 15 in Stealth
 36370 | Swamp:1  | Identified the ring of the Ban {rN+ Dex+6}
 36589 | Swamp:2  | Noticed Jorgrun
 36589 | Swamp:2  | Noticed Frances
 36610 | Swamp:1  | Killed Frances
 36636 | Swamp:1  | Reached skill level 13 in Invocations
 36762 | Swamp:1  | Killed Jorgrun
 37220 | Swamp:2  | Identified the serpent talisman "Cynugyr" {rElec rC+
                  | Slay+2}
 37220 | Swamp:2  | Noticed Aizul
 37239 | Swamp:1  | Killed Aizul
 37261 | Swamp:2  | Noticed Louise
 37312 | Swamp:1  | Killed Louise
 37312 | Swamp:1  | Received a gift from Okawaru
 37334 | Swamp:2  | Identified a scroll of acquirement
 37344 | Swamp:2  | Acquired the +1 pair of gloves of Jiceel {+Blink}
 37501 | Arena    | Entered the Arena
 37996 | Swamp:3  | Noticed Roxanne
 38010 | Swamp:3  | Noticed a tentacled monstrosity
 38010 | Swamp:3  | Noticed a tentacled monstrosity
 38010 | Swamp:3  | Found a runed translucent gate.
 38010 | Swamp:3  | Found a runed translucent gate.
 38010 | Swamp:3  | Found a runed translucent gate.
 38010 | Swamp:3  | Noticed Nomoy's ghost (adept NaFi)
 38497 | Swamp:2  | Learned a level 5 spell: Borgnjor's Vile Clutch
 38503 | Swamp:2  | Learned a level 5 spell: Fireball
 39007 | Swamp:3  | Identified the +8 chain mail of Happiness {rElec rF++
                  | Will+++ Str-2}
 40362 | Swamp:3  | Reached XP level 18. HP: 145/145 MP: 14/34
 40882 | Swamp:4  | Entered Level 4 of the Swamp
 41830 | Swamp:3  | Received a gift from Okawaru
 43386 | Swamp:4  | Got a decaying rune of Zot
 44082 | Snake:4  | Killed Vashnia
 44700 | Snake:4  | Received a gift from Okawaru
 45573 | Snake:4  | Reached skill level 14 in Invocations
 47572 | Snake:4  | Received a gift from Okawaru
 48615 | Snake:4  | Got a serpentine rune of Zot
 49004 | Elf:1    | Entered Level 1 of the Elven Halls
 49009 | Elf:1    | Reached XP level 19. HP: 152/153 MP: 21/36
 49180 | Elf:1    | Found Haolo's Antique Weapon Shop.
 49441 | Arena    | Entered the Arena
 49466 | Elf:1    | poulshu: -waves-
 49789 | Elf:1    | Datul: hullo!
 49793 | Elf:1    | poulshu: I randomly decided to start playing again, saw
                  | lots of people playing and realized there was a tourney
                  | going on hehe
 49797 | Elf:1    | Received a gift from Okawaru
 49818 | Elf:1    | Datul: it runs through sunday. This will be my last
                  | attempt though, weekend is pretty busy
 49818 | Elf:1    | poulshu: Ahh gotcha - well best of luck!
 49818 | Elf:1    | Datul: only trav and I in the clan this time, if you want
                  | to join us just add # TEAMCAPTAIN Datul to your .rcfile
 49818 | Elf:1    | poulshu: Ooh, as long as I won't be a detriment to the
                  | team. heh. Also I have a funny ss I'm gonna send you in a
                  | second
 49818 | Elf:1    | Datul: no detriment at all
 49902 | Abyss:2  | Cast into level 2 of the Abyss (+3 glaive of distortion)
 50078 | Abyss:2  | Noticed a hellephant
 50106 | Abyss:2  | poulshu: Oof. those hellephants are ruff.
 50112 | Abyss:2  | Killed a hellephant
 50262 | Abyss:2  | Found a corrupted altar of Lugonu.
 50414 | Abyss:2  | Found a corrupted altar of Lugonu.
 50794 | Abyss:3  | Received a gift from Okawaru
 50829 | Elf:1    | Escaped the Abyss
 50833 | Elf:1    | Datul: Got lucky to make it out of abyss
 50868 | Elf:2    | Paralysed by an air elemental for 1 turns
 50872 | Elf:2    | poulshu: Careful here! Lol
 51460 | Elf:2    | Reached skill level 15 in Fighting
 52042 | Elf:2    | Received a gift from Okawaru
 52216 | Elf:2    | Found Wiymaohe's Weapon Boutique.
 52383 | Elf:2    | Found a runed translucent gate.
 52384 | Elf:2    | Found a runed translucent gate.
 52384 | Elf:2    | Found a runed translucent gate.
 52440 | Elf:3    | Entered Level 3 of the Elven Halls
 52454 | Elf:3    | Found a glacial archway.
 52538 | IceCv    | Entered an ice cave
 52596 | IceCv    | Reached skill level 15 in Invocations
 53147 | IceCv    | Received a gift from Okawaru
 53167 | IceCv    | Reached XP level 20. HP: 136/162 MP: 16/37
 53438 | IceCv    | Identified the +2 ice dragon scales "Erigoo" {rF- rC++
                  | Dex-4 Slay+5 SInv}
 53634 | IceCv    | poulshu: Sigh, the killer bees got me dammit.
 53634 | IceCv    | poulshu: Also, why TF do the ribbon worms now net you?! grr
 54239 | Elf:3    | Found Bifipuipru's General Store.
 54276 | Elf:3    | Received a gift from Okawaru
 55461 | Elf:3    | Found Xifih's Magic Scroll Shop.
 55464 | Elf:3    | Bought a scroll of blinking for 120 gold pieces
 55825 | Elf:3    | Identified the +0 chain mail of Jykoeza {Str+5}
 56124 | Elf:3    | Identified the +5 trident "Erpho" {flame, rCorr SInv
                  | Stlth+}
 56631 | Elf:3    | Reached skill level 15 in Axes
 56631 | Elf:3    | Reached skill level 15 in Dodging
 56634 | Elf:3    | Identified the amulet of Kumoust {Faith Dex+5}
 56827 | Elf:3    | Identified the staff of Sulphur {rF+ Necro Earth}
 57039 | Elf:3    | Noticed a Tzitzimitl
 57077 | Elf:3    | Identified the ring "Dawaxuibb" {Fly rN+ rCorr}
 57272 | Vaults:1 | Entered Level 1 of the Vaults
 57674 | Vaults:1 | Received a gift from Okawaru
 58539 | Vaults:1 | Received a gift from Okawaru
 58540 | Vaults:1 | Reached XP level 21. HP: 170/170 MP: 26/39
 59430 | Vaults:1 | Noticed Nikola
 59447 | Vaults:1 | Killed Nikola
 59464 | Vaults:1 | Reached skill level 16 in Invocations
 59821 | Vaults:1 | Found Kyesih's Weapon Emporium.
 60231 | Vaults:2 | Found Plog's General Store.
 60236 | Vaults:2 | Bought a potion of curing for 42 gold pieces
 60397 | Vaults:2 | Acquired the +7 Spriggan's Knife {stab, EV+4 Stlth+}
 60397 | Vaults:2 | Received a gift from Okawaru
 60397 | Vaults:2 | Found the +7 Spriggan's Knife {stab, EV+4 Stlth+}
 61136 | Vaults:2 | Found Loomiteat's Magic Scroll Shoppe.
 61137 | Vaults:2 | Noticed Sojobo
 61177 | Vaults:2 | Killed Sojobo
 61177 | Vaults:2 | Received a gift from Okawaru
 61227 | Vaults:2 | Found Torefate's Book Emporium.
 61248 | Vaults:2 | Bought a book of Battle for 520 gold pieces
 61253 | Vaults:2 | Learned a level 4 spell: Manifold Assault
 61285 | Vaults:2 | Bought a scroll of fear for 56 gold pieces
 61285 | Vaults:2 | Bought a scroll of fear for 56 gold pieces
 61348 | Vaults:2 | Reached skill level 15 in Short Blades
 61348 | Vaults:2 | Reached skill level 15 in Long Blades
 61348 | Vaults:2 | Reached skill level 15 in Maces & Flails
 61348 | Vaults:2 | Reached skill level 15 in Polearms
 61348 | Vaults:2 | Reached skill level 15 in Staves
 61348 | Vaults:2 | Reached skill level 15 in Ranged Weapons
 61348 | Vaults:2 | Reached skill level 15 in Throwing
 61348 | Vaults:2 | Reached skill level 15 in Armour
 61348 | Vaults:2 | Reached skill level 15 in Shields
 61348 | Vaults:2 | Reached skill level 15 in Unarmed Combat
 61348 | Vaults:2 | Reached skill level 15 in Spellcasting
 61348 | Vaults:2 | Reached skill level 15 in Evocations
 61735 | Vaults:2 | You fall into a shaft and drop 2 floors!
 62492 | Vaults:4 | Received a gift from Okawaru
 63203 | Vaults:2 | Found Puik's Assorted Antiques.
 63203 | Vaults:2 | Found Veor's Armour Shoppe.
 63257 | Vaults:2 | Bought a potion of resistance for 410 gold pieces
 63257 | Vaults:2 | Bought a potion of curing for 123 gold pieces
 63257 | Vaults:2 | Bought a scroll of blinking for 307 gold pieces
 63276 | Vaults:2 | Reached XP level 22. HP: 177/179 MP: 21/41
 63785 | Vaults:3 | Received a gift from Okawaru
 64152 | Vaults:3 | Found a staircase to the Crypt.
 64152 | Vaults:3 | Found an ancient bone altar of Kikubaaqudgha.
 64156 | Vaults:3 | Found a basalt altar of Yredelemnul.
 65043 | Vaults:4 | Received a gift from Okawaru
 65290 | Vaults:4 | Identified the +2 ring mail of the Leaf {Harm rPois Regen+}
 65464 | Vaults:4 | Identified the +5 trident of the Wheel {elec, Int+2 Dex+3}
 65609 | Vaults:4 | Found a glowing golden altar of the Shining One.
 65609 | Vaults:4 | Found a white marble altar of Elyvilon.
 65611 | Vaults:4 | Found a glowing silver altar of Zin.
 66383 | Depths:1 | Entered Level 1 of the Depths
 67209 | D:15     | Reached skill level 17 in Invocations
 67299 | Depths:1 | Received a gift from Okawaru
 68067 | Depths:1 | Found a shadowy altar of Dithmenos.
 68924 | Depths:1 | Found a gateway to Hell.
 69352 | Depths:2 | Received a gift from Okawaru
 69364 | Depths:2 | Found a one-way gate to the infinite horrors of the Abyss.
 69485 | Depths:2 | Noticed Bai Suzhen
 69517 | Depths:2 | Killed Bai Suzhen
 69521 | Depths:2 | Identified the +8 plate armour of Baldness {-Tele Harm
                  | Regen+ Slay+6}
 69764 | Depths:2 | Reached XP level 23. HP: 187/187 MP: 27/42
 69923 | Depths:2 | Noticed Norris
 69943 | Depths:2 | Killed Norris
 70266 | Depths:2 | Found Liyggusk's Serpentskin Sales.
 70458 | Depths:2 | Found a stormy altar of Qazlal.
 70777 | Depths:2 | Learned a level 7 spell: Orb of Destruction
 70894 | Depths:2 | Noticed a juggernaut
 70960 | Depths:2 | DimondSprtn: !subscribe
 70960 | Depths:2 | beem: Subscribed. I will now watch all games of user
                  | DimondSprtn.
 70960 | Depths:2 | Received a gift from Okawaru
 71001 | Depths:2 | Killed a juggernaut
 71331 | Depths:2 | Noticed a caustic shrike
 71539 | Depths:2 | Killed a caustic shrike
 71540 | Depths:2 | Reached skill level 15 in Shapeshifting
 71695 | Depths:2 | Found a one-way gate leading to the halls of Pandemonium.
 71779 | Depths:2 | Got the Volume of Collective Effluvium
 71842 | Depths:2 | Identified the +1 leather armour of Xomaor {rPois Will+
                  | Int+3 Slay+2}
 72237 | Depths:3 | Received a gift from Okawaru
 72756 | Depths:3 | Found a one-way gateway to a ziggurat.
 73472 | Depths:3 | Received a gift from Okawaru
 73513 | Depths:3 | Acquired the +0 robe of Greater Demons {rCorr Dex+3 Stlth-}
 73513 | Depths:3 | Received a gift from Okawaru
 73675 | Depths:3 | Noticed the Enchantress
 73701 | Depths:3 | Killed the Enchantress
 75172 | Depths:3 | Reached skill level 18 in Invocations
 75172 | Depths:3 | Reached XP level 24. HP: 168/197 MP: 23/43
 75263 | Depths:3 | Noticed a juggernaut
 75297 | Depths:3 | Killed a juggernaut
 75644 | Depths:3 | Received a gift from Okawaru
 76233 | Depths:3 | Noticed a juggernaut
 76299 | Depths:3 | Gained mutation: Your body sometimes deteriorates upon
                  | taking damage. [a shining eye]
 76300 | Depths:3 | Gained mutation: You are vulnerable to cold. (rC-) [a
                  | shining eye]
 76301 | Depths:3 | Gained mutation: You are clumsy. (Dex -2) [a shining eye]
 76919 | Depths:3 | Killed a juggernaut
 77317 | Depths:3 | Noticed a juggernaut
 77351 | Depths:3 | Killed a juggernaut
 78568 | Depths:4 | Entered Level 4 of the Depths
 78770 | Depths:4 | Found a flickering gateway to a bazaar.
 78796 | Bazaar   | Entered a bazaar
 78798 | Bazaar   | Found Ocekkeov's General Store.
 78802 | Bazaar   | Found Loqop's Jewellery Boutique.
 78802 | Bazaar   | Found Dyhyum's Armour Boutique.
 78803 | Bazaar   | Found Oposuq's Magic Scroll Boutique.
 78844 | Bazaar   | Bought a scroll of teleportation for 33 gold pieces
 78844 | Bazaar   | Bought a scroll of revelation for 82 gold pieces
 78849 | Bazaar   | Bought a scroll of fog for 56 gold pieces
 78849 | Bazaar   | Bought a scroll of fear for 56 gold pieces
 79857 | Depths:4 | Received a gift from Okawaru
 80880 | Depths:4 | Identified the orb of Fun {*channel, Int-3 Tloc Fire}
 80880 | Depths:4 | Noticed Frederick
 80887 | Depths:4 | Noticed a caustic shrike
 80888 | Depths:4 | Noticed a caustic shrike
 80889 | Depths:4 | Noticed a caustic shrike
 81317 | Depths:4 | Killed Frederick
 81387 | Depths:4 | Found a gate to the Realm of Zot.
 81530 | Depths:4 | Killed a caustic shrike
 81564 | Depths:4 | Killed a caustic shrike
 81578 | Depths:4 | Killed a caustic shrike
 81734 | Depths:4 | Upgraded the game from 0.31.0-11-ge490571c62 to
                  | 0.31.0-12-g77e489cdc1
 81988 | D:12     | Learned a level 4 spell: Brom's Barrelling Boulder
 81996 | D:12     | Learned a level 7 spell: Ozocubu's Refrigeration
 82004 | D:12     | Learned a level 7 spell: Enfeeble
 82044 | D:12     | Killed Xeikkuus's ghost
 82320 | Lair:2   | Reached XP level 25. HP: 204/204 MP: 43/44
 82541 | Swamp:3  | Killed Roxanne
 83012 | Crypt:1  | Entered Level 1 of the Crypt
 83019 | Crypt:1  | Received a gift from Okawaru
 83207 | Crypt:1  | Identified the +0 pair of gloves of the World {Fly Will-
                  | Regen+ Dex+2}
 83214 | Crypt:1  | You fall into a shaft and drop 1 floor!
 84246 | Crypt:2  | Found a large runed translucent door.
 84246 | Crypt:2  | Found a large runed translucent door.
 84250 | Crypt:2  | Noticed Vailuoroe's ghost (veteran GrEE)
 84944 | Crypt:3  | Entered Level 3 of the Crypt
 85042 | Crypt:3  | Received a gift from Okawaru
 85248 | Crypt:3  | Found an ancient bone altar of Kikubaaqudgha.
 85260 | Crypt:3  | Reached skill level 19 in Invocations
 85592 | Crypt:3  | Noticed an ancient lich
 85643 | Crypt:3  | Reached skill level 15 in Conjurations
 85643 | Crypt:3  | Reached skill level 15 in Hexes
 85643 | Crypt:3  | Reached skill level 15 in Summonings
 85643 | Crypt:3  | Reached skill level 15 in Necromancy
 85643 | Crypt:3  | Reached skill level 15 in Translocations
 85643 | Crypt:3  | Reached skill level 15 in Fire Magic
 85643 | Crypt:3  | Reached skill level 15 in Ice Magic
 85643 | Crypt:3  | Reached skill level 15 in Air Magic
 85643 | Crypt:3  | Reached skill level 15 in Earth Magic
 85643 | Crypt:3  | Reached skill level 15 in Alchemy
 86021 | Crypt:3  | Found a staircase to the Tomb.
 86719 | Crypt:3  | Received a gift from Okawaru
 86783 | Crypt:3  | Killed an ancient lich
 86846 | Crypt:3  | Identified the staff of the Pill Bug {rC+ Str+6 Int+3 Dex-3
                  | Ice}
 86910 | Crypt:3  | Lost mutation: You are clumsy. (Dex -2) [potion of
                  | mutation]
 86910 | Crypt:3  | Lost mutation: Your body sometimes deteriorates upon taking
                  | damage. [potion of mutation]
 86910 | Crypt:3  | Lost mutation: You are vulnerable to cold. (rC-) [potion of
                  | mutation]
 86910 | Crypt:3  | Gained mutation: You occasionally lose the ability to read
                  | scrolls when taking damage. [potion of mutation]
 86911 | Crypt:3  | Lost mutation: You occasionally lose the ability to read
                  | scrolls when taking damage. [potion of mutation]
 86911 | Crypt:3  | Gained mutation: You have a pair of small antennae on your
                  | head. [potion of mutation]
 86911 | Crypt:3  | Gained mutation: You are robust. (+10% HP) [potion of
                  | mutation]
 87276 | Slime:1  | Entered Level 1 of the Pits of Slime
 87371 | Slime:3  | Lost mutation: You are robust. (+10% HP) [a shining eye]
 87385 | Slime:3  | Gained mutation: You are frail. (-10% HP) [a shining eye]
 87739 | Slime:5  | Entered Level 5 of the Pits of Slime
 88008 | Slime:5  | Noticed the Royal Jelly
 90117 | Slime:2  | Reached XP level 26. HP: 177/191 MP: 38/44
 90971 | Slime:4  | Received a gift from Okawaru
 92190 | Slime:5  | Gained mutation: Your flesh is heat resistant. (rF+) [a
                  | shining eye]
 92997 | Slime:5  | Found a viscous altar of Jiyva.
 93353 | Orc:2    | Bought a scroll of amnesia for 44 gold pieces
 93353 | Orc:2    | Bought a scroll of immolation for 44 gold pieces
 93372 | Orc:2    | Bought a hat for 112 gold pieces
 93707 | Arena    | Entered the Arena
 93709 | Arena    | Killed the Royal Jelly
 93950 | Slime:5  | Identified the ring "Atuywk" {Fire rElec Will+}
 93967 | Slime:5  | Identified the +7 scimitar of Infection {freeze, ^Fragile
                  | Will+ Int+4}
 93972 | Slime:5  | Identified the +3 quarterstaff "Niekay" {freeze, rF- Str+7
                  | Dex+5}
 94013 | Slime:5  | Identified the +4 orcbow of Fate {heavy, Int+7 Dex+3}
 94016 | Slime:5  | Identified the +0 chain mail of Insatiable Hunger {Int+3}
 94067 | Slime:5  | Identified the +6 trident of Terra Cotta {heavy, *Slow rN+
                  | Int+7}
 94069 | Slime:5  | Identified the +1 mace "Spiderslayer" {pain, *Corrode rC+
                  | Int+3 Dex+2}
 94124 | Slime:5  | Got a slimy rune of Zot
 94194 | Slime:5  | Identified the +7 spear "Qusulud" {spect, *Noise *Slow
                  | rElec Dex+6}
 94281 | Slime:5  | Learned a level 2 spell: Blink
 94287 | Slime:5  | Learned a level 5 spell: Silence
 94566 | Vaults:5 | Entered Level 5 of the Vaults
 94972 | Vaults:5 | Identified the +5 shortbow "Xutim" {flame, rPois rF- rCorr
                  | SInv}
 95161 | Vaults:5 | Identified the +6 sling "Tuttaept" {freeze, Fly}
 95161 | Vaults:5 | Identified the +5 scale mail "Rogui" {rN+}
 95188 | Vaults:5 | Identified the staff of Quick Guilt {rF+ rN+ Will+ Necro}
 95205 | Vaults:5 | Got a silver rune of Zot
 95671 | Vaults:5 | Received a gift from Okawaru
 95886 | Vaults:5 | Reached skill level 20 in Invocations
 95899 | Vaults:5 | Identified the +3 ring mail "Gynt" {rElec Int+3 Dex-4}
 96040 | Vaults:5 | Noticed an ancient lich
 96051 | Vaults:5 | Killed an ancient lich
 96241 | Vaults:5 | Got Elewna's Treatise on Brilliant Hexes
 96393 | Vaults:5 | Identified the +0 chain mail "Mohiruh" {rElec rCorr}
 97161 | Vaults:5 | Identified the +2 rapier "Duon" {chaos, rPois}
 97187 | Vaults:5 | Received a gift from Okawaru
 98132 | Vaults:5 | Identified the +1 bardiche "Masyp" {drain, rElec rC++ Str+3
                  | Stlth+}
 98132 | Vaults:5 | Identified the ring "Rydep" {SInv Stlth+}
 98182 | Vaults:5 | Reached XP level 27. HP: 150/199 MP: 5/45
 98507 | Vaults:5 | Got the Atlas of Spellbinding
 99584 | Zot:1    | Entered Level 1 of the Realm of Zot
 99661 | Zot:1    | Received a gift from Okawaru
 99838 | Zot:1    | Reached skill level 21 in Invocations
101214 | Zot:1    | Identified the +6 ring mail "Xoghecu" {rN+ Stlth+}
101279 | Zot:1    | Received a gift from Okawaru
101460 | Zot:1    | Identified the orb of Eternal Vigilance {mayhem, ^Drain
                  | rElec Necro}
102941 | Zot:2    | Identified the +4 dagger of Sulphur {spect, rN+ Int+2}
103183 | Zot:2    | Received a gift from Okawaru
104590 | Zot:4    | Identified the +1 chain mail of Lifelessness {rElec rF- rN+
                  | Dex+8}
104889 | Zot:3    | Found the +4 dragonskin cloak
104889 | Zot:3    | Noticed Tiamat
105445 | Zot:4    | Reached skill level 22 in Invocations
105467 | Zot:4    | Received a gift from Okawaru
105774 | Zot:5    | Entered Level 5 of the Realm of Zot
107535 | Zot:5    | Received a gift from Okawaru
108382 | Zot:5    | Learned a level 5 spell: Irradiate
108567 | Zot:5    | Identified the amulet "Yloqech" {Reflect +Inv rF+ Dex-5
                  | Slay+6 SH+5}
108567 | Zot:5    | Noticed an orb of fire
108569 | Zot:5    | Gained mutation: You are agile. (Dex +4, Str/Int -1) [an
                  | orb of fire]
108577 | Zot:5    | Gained mutation: Your health recovers twice as slowly from
                  | being drained. [an orb of fire]
108578 | Zot:5    | Lost mutation: You are frail. (-10% HP) [an orb of fire]
108591 | Zot:5    | Killed an orb of fire
108671 | Zot:5    | Noticed an orb of fire
108684 | Zot:5    | Gained mutation: You have sharp fingernails. [an orb of
                  | fire]
108689 | Zot:5    | Killed an orb of fire
108689 | Zot:5    | Received a gift from Okawaru
108723 | Zot:5    | Paralysed by a Zot trap for 3 turns
108727 | Arena    | Entered the Arena
108753 | Zot:5    | Identified the +4 spear of Juatibro {protect, Int+2}
109092 | Zot:5    | Got the Orb of Zot
109112 | Arena    | Entered the Arena
109185 | Zot:5    | Noticed a dread lich
109204 | Zot:5    | Killed a dread lich
109204 | Zot:5    | Gained mutation: You are frail. (-10% HP) [mutagenic glow]
109205 | Zot:5    | Reached skill level 23 in Invocations
109212 | Zot:5    | Gained mutation: You are very frail. (-20% HP) [mutagenic
                  | glow]
109492 | Depths:1 | Noticed Goamasm the pandemonium lord
109566 | D:14     | Received a gift from Okawaru
109953 | D:$      | Escaped with the Orb!

Illustrated notes

Levels and vault maps discovered:
D:1:      roderic_crossed_star, layout_rooms,
          dilly_ecumenical_altar_fadedgnrine, minmay_misc_feat_square,
          chequers_arboretum
D:2:      layout_rooms, uniq_jessica
D:3:      layout_rooms, uniq_grinder
D:4:      layout_basic, tso_oasis_becter, dreamdust_princess_corridor,
          item_on_display_a, uniq_blork_the_orc
D:5:      layout_rooms, serial_shops, shop, shop_fountains
D:6:      old_forge, layout_loops_ring,
          mainiacjoe_overflow_concentric_impassable, nzn_wu_jian_contemplation,
          gammafunk_temple_overflow_statue, temple_statues, serial_bayou_pond_a,
          serial_park_tiny_pond, uniq_menkaure, uniq_sigmund, uniq_duvessa
D:7:      nicolae_cairo_tiling_very_big, layout_layer_cave,
          mainiacjoe_overflow_catwalk, uniq_jeremiah
D:8:      layout_basic, serial_glass, glass_columns_b, glass_columns_b,
          kennysheep_cross_bottleneck
D:9:      layout_loops_cross, mainiacjoe_overflow_alcove_1,
          hangedman_glass_teeth
D:10:     layout_big_octagon, slow_altar_2, serial_glass, glass_columns_b,
          glass_columns_a, glass_columns_b, glass_columns_b,
          hangedman_abyss_or_decor_jellyfish_corner
D:11:     layout_roguey [special_room_bee], erik_lair_orcish_takeover,
          grunt_ministairs_7
D:12:     layout_basic, david_orc_2, special_room [special_room_orc],
          gammafunk_ghost_mausoleum, uniq_josephine, uniq_erolcha
D:13:     layout_loops_ring, hellmonk_vaults_attempted_burglary
D:14:     layout_basic, minivault_20, serial_bayou_pond_a
D:15:     hangedman_depths_entry_try_elsewhere_first, layout_long_grid,
          roderic_serpentine_path, minivault_12
Temple:   minmay_temple_curvy_branch
Lair:1:   layout_loops_ring, basic_altar, tgw_fedhas, serial_bayou_shore_a,
          grunt_megastairs_5
Lair:2:   cheibrodos_lair_overgrown_chateau, layout_gridlike,
          nicolae_swamp_entry_splash_gauntlet, pdpol_lair_cabin_in_the_woods
Lair:3:   layout_gridlike, guppyfry_snake_entry_island, serial_bayou_pond_a,
          lemuel_fruit_tree
Lair:4:   layout_hall_layers, lemuel_fruit_fields
Lair:5:   grunt_lair_end_beastmaster, layout_hall_layers,
          dpeg_slime_entry_enclosed
Swamp:1:  layout_basic_swamp, ebering_ghost_disaster_area,
          evilmike_swamp_ruin_house_3, nicolae_swamp_decorative_isthmus
Swamp:2:  layout_basic_swamp, evilmike_swamp_ruin_house_5, ldierk_geyser,
          uniq_louise, uniq_jorgrun, uniq_frances, uniq_aizul
Swamp:3:  layout_basic_swamp, gammafunk_ghost_split, serial_swamp_ruin,
          evilmike_swamp_ruin_house_1, evilmike_swamp_ruin_rubble_1,
          hangedman_swamp_ruin_wall, swamp_pool_1_2, nzn_swamp_stair_ambush,
          uniq_roxanne
Swamp:4:  swamp_icy, layout_basic_swamp
Snake:1:  layout_misc_corridors, nicolae_snake_biting_tails
Snake:2:  layout_basic
Snake:3:  layout_cave_town
Snake:4:  grunt_snake_rune_pools, layout_cave_town, uniq_vashnia
Slime:1:  layout_caves, basic_altar
Slime:2:  layout_caves
Slime:3:  layout_caves
Slime:4:  layout_caves
Slime:5:  slime_pit_nicolae_inversion
Orc:1:    layout_diamond_mine, basic_altar
Orc:2:    hellmonk_orc_salted, layout_caves, nicolae_orc_lava_room, uniq_nessos
Elf:1:    eino_elf_arrival_sip, layout_loops_corners, serial_shops, shop,
          nicolae_shop_overgrown_old_shop, nicolae_elf_shapeshifter_party
Elf:2:    nicolae_elf_blades_crystal_corner, layout_geoelf_octagon,
          serial_shops, shop, grunt_ministairs_2, amethyst_killhole
Elf:3:    minmay_elf_hall_curves, layout_loops_ring,
          portal_ice_cave_entry_pillars_four, serial_shops,
          nicolae_shop_window_shopping, grunt_ministairs_15, hex_large,
          minmay_shop_star
Vaults:1: nicolae_vaults_diagonal_hallway_9, st_octagons_2, vaults_mumra_lcd,
          v_pattern_3, nicolae_vaults_triangles, v_misc_33,
          nicolae_vaults_little_squares_3, nicolae_vaults_closet_pinwheel_4,
          nicolae_vaults_taking_the_gang_shopping,
          nicolae_vaults_yaktaur_gun_rack, nicolae_vaults_little_squares_1,
          v_misc_15, ontoclasm_vaults_fault,
          nicolae_vaults_variable_pillar_hall, layout_vaults_omnibox,
          uniq_nikola
Vaults:2: nicolae_vaults_cornered_office, nicolae_vaults_offset_grid_hallway_3,
          v_pattern_1, nicolae_vaults_circle_grid_a, nicolae_vaults_mitosis,
          st_check, vaults_room_stairs_pillars,
          nicolae_vaults_storage_closets_2, ontoclasm_vaults_eye,
          vaults_dpeg_emergency_exit, layout_vaults_big_room, serial_shops,
          shop, shop, nicolae_shop_crystal, shop, shop, uniq_sojobo
Vaults:3: nicolae_vaults_cornered_office, ontoclasm_vaults_ring_large,
          minmay_crypt_entry_necro_gods, ontoclasm_vaults_shuriken,
          vaults_room_fours, nicolae_vaults_wine_cellar, hangedman_vaults_snaps,
          ontoclasm_vaults_chip, ontoclasm_vaults_tryst,
          nicolae_vaults_gold_heap, nicolae_vaults_trapezoid_lopsided_1,
          nicolae_vaults_surprise_closet, layout_vaults_quadrants
Vaults:4: portal_desolation_entry_holy_temple, hangedman_vaults_variations,
          nicolae_vaults_network_quincunx
          [nicolae_vaults_network_quincunx_subvault,
          nicolae_vaults_network_quincunx_subvault,
          nicolae_vaults_network_quincunx_subvault,
          nicolae_vaults_network_quincunx_subvault,
          nicolae_vaults_network_quincunx_subvault], st_squares,
          vaults_room_door_ring, nicolae_vaults_hexular_roomagon, v_misc_12,
          ontoclasm_vaults_gateway, v_misc_13, layout_vaults_maze_bifur
Vaults:5: serial_shops
Crypt:1:  layout_gridlike, roderic_lattice_octagonal_star
Crypt:2:  layout_gridlike, ebering_ghost_disaster_area,
          nicolae_crypt_crosshalls, grunt_megastairs_2
Crypt:3:  evilmike_haunted_forest
Depths:1: layout_forbidden_donut, grunt_hell_entry_dis_mu,
          nicolae_dithmenos_shadow_blocks
Depths:2: minmay_tearing_corner, layout_gridlike, hell_entry,
          nicolae_qazlal_eye_of_the_storm, abyss_entry_small_statue_room,
          pan_entry, guppyfry_shop_venom, uniq_bai_suzhen, uniq_norris
Depths:3: grunt_runaround [grunt_runaround_loot, grunt_runaround_doors_1,
          grunt_runaround_doors_2, grunt_runaround_doors_3,
          grunt_runaround_doors_4], serial_shops, abyss_entry, hell_entry,
          uniq_enchantress
Depths:4: grunt_zot_entry_gee_three, layout_twisted_cross, serial_shops,
          bzr_entry_gold, hell_entry, serial_sigils_hangedman_snap,
          hangedman_decor_diamond_cutter, uniq_frederick
Zot:1:    hangedman_orp_of_zott, layout_cathedral_of_symmetry,
          nicolae_zig_zag_zippers
Zot:2:    layout_basic
Zot:3:    layout_basic, uniq_tiamat, uniq_josephina
Zot:4:    layout_misc_corridors, regret_index_zotdec_wing_it
Zot:5:    layout_onion

Skill      XL: |  1  2  3  4  5  6  7  8  9 10 11 12 13 14 15 16 17 18 19 20 21 22 23 24 25 26 27 |
---------------+----------------------------------------------------------------------------------+-----
Stealth        | 10 11 12 13 14 15 16 17 18 19 20 21 | 21.6
Invocations    | 1 2 3 4 5 6 7 8 10 11 12 13 14 15 16 17 18 19 20 23 | 23.1
Short Blades   | 1 2 3 4 5 6 7 8 9 10 11 12 13 14 15 16 17 19 21 | 21.4
Long Blades    | 1 2 3 4 5 6 7 8 9 10 11 12 13 14 15 16 17 18 19 21 | 21.7
Maces & Flails | 1 2 3 4 5 6 7 8 9 10 11 12 13 14 15 16 17 18 19 | 19.8
Polearms       | 1 2 3 4 5 6 7 8 9 10 11 12 13 14 15 16 17 18 19 | 19.8
Staves         | 1 2 3 4 5 6 7 8 9 10 11 12 13 14 15 16 17 18 19 | 19.8
Ranged Weapons | 1 2 3 4 5 6 7 8 9 10 11 12 13 14 15 16 17 18 19 | 19.8
Throwing       | 1 2 3 4 5 6 7 8 9 10 11 12 13 14 15 16 17 18 19 | 19.8
Armour         | 1 2 3 4 5 6 7 8 9 10 11 12 13 14 15 16 17 18 19 | 19.8
Shields        | 1 2 3 4 5 6 7 8 9 10 11 12 13 14 15 16 17 18 19 | 19.8
Unarmed Combat | 1 2 3 4 5 6 7 8 9 10 11 12 13 14 15 16 17 18 19 | 19.8
Spellcasting   | 1 2 3 4 5 6 7 8 9 10 11 12 13 14 15 16 17 18 19 | 19.8
Evocations     | 1 2 3 4 5 6 7 8 9 10 11 12 13 14 15 16 17 18 19 | 19.8
Shapeshifting  | 1 2 3 4 5 6 7 8 9 10 11 12 13 14 15 16 17 18 | 18.3
Conjurations   | 1 2 3 4 5 6 7 8 9 10 11 12 13 14 15 16 | 16.9
Hexes          | 1 2 3 4 5 6 7 8 9 10 11 12 13 14 15 16 | 16.9
Summonings     | 1 2 3 4 5 6 7 8 9 10 11 12 13 14 15 16 | 16.9
Necromancy     | 1 2 3 4 5 6 7 8 9 10 11 12 13 14 15 16 | 16.9
Translocations | 1 2 3 4 5 6 7 8 9 10 11 12 13 14 15 16 | 16.9
Fire Magic     | 1 2 3 4 5 6 7 8 9 10 11 12 13 14 15 16 | 16.9
Ice Magic      | 1 2 3 4 5 6 7 8 9 10 11 12 13 14 15 16 | 16.9
Air Magic      | 1 2 3 4 5 6 7 8 9 10 11 12 13 14 15 16 | 16.9
Earth Magic    | 1 2 3 4 5 6 7 8 9 10 11 12 13 14 15 16 | 16.9
Alchemy        | 1 2 3 4 5 6 7 8 9 10 11 12 13 14 15 16 | 16.9
Axes           | 5 6 7 8 9 10 11 12 13 14 15 16 17 18 19 20 | 20.3
Dodging        | 5 6 7 8 9 10 11 12 13 14 15 16 17 18 19 20 | 20.3
Fighting       | 7 8 9 10 11 12 13 14 15 16 17 18 19 20 | 20.7

Action                     |  1- 3 |  4- 6 |  7- 9 | 10-12 | 13-15 | 16-18 | 19-21 | 22-24 | 25-27 || total
---------------------------+-------+-------+-------+-------+-------+-------+-------+-------+-------++-------
  Melee: Hand axe          |    81 |    94 |       |       |       |       |       |       |       ||   175
         Bite              |     8 |    16 |    23 |    93 |   246 |   166 |   173 |   404 |   441 ||  1570
         Punch             |       |     2 |     6 |    40 |   109 |       |       |       |       ||   157
         Whip              |       |    58 |   162 |       |       |       |       |       |       ||   220
         Mace              |       |       |     7 |     7 |       |       |       |       |       ||    14
         Trident           |       |       |   146 |   726 |  1686 |   958 |       |       |       ||  3516
         War axe           |       |       |       |     8 |    26 |       |       |       |       ||    34
         Scimitar          |       |       |       |     8 |   108 |    14 |       |       |       ||   130
         Demon trident     |       |       |       |       |       |   479 |  1368 |   377 |       ||  2224
         Lance             |       |       |       |       |       |       |       |  1977 |  4235 ||  6212
         Eudemon blade     |       |       |       |       |       |       |       |       |    18 ||    18
  Throw: Dart              |       |     8 |    14 |    31 |    38 |       |       |       |     5 ||    96
         Boomerang         |       |       |       |    28 |   250 |   266 |    18 |     5 |       ||   567
         Throwing net      |       |       |       |       |     1 |       |       |       |       ||     1
         Javelin           |       |       |       |       |       |    20 |     2 |    28 |    33 ||    83
   Cast: Fireball          |       |       |       |       |       |   241 |   204 |   245 |    84 ||   774
         Borgnjor's Vile C |       |       |       |       |       |    58 |    92 |   132 |    84 ||   366
         Stone Arrow       |       |       |       |       |       |       |     3 |       |       ||     3
         Apportation       |       |       |       |       |       |       |     4 |       |     3 ||     7
         Manifold Assault  |       |       |       |       |       |       |    36 |    97 |   765 ||   898
         Passage of Golubr |       |       |       |       |       |       |       |     2 |     3 ||     5
         Orb of Destructio |       |       |       |       |       |       |       |    26 |    20 ||    46
         Enfeeble          |       |       |       |       |       |       |       |     2 |     2 ||     4
         Brom's Barrelling |       |       |       |       |       |       |       |       |     6 ||     6
         Irradiate         |       |       |       |       |       |       |       |       |     4 ||     4
 Invoke: Heroism           |       |       |     1 |     8 |     8 |     9 |     6 |     8 |     4 ||    44
         Finesse           |       |       |       |       |     1 |     2 |     4 |     6 |     1 ||    14
         Duel              |       |       |       |       |       |     1 |     1 |       |     3 ||     5
         Receive Weapon    |       |       |       |       |       |       |     1 |       |       ||     1
         Receive Armour    |       |       |       |       |       |       |       |     1 |       ||     1
Ability: Evoke Blink       |       |       |       |       |       |     4 |     2 |     2 |     5 ||    13
         Begin Untransform |       |       |       |       |       |       |       |       |     2 ||     2
  Evoke: Wand              |     1 |       |     4 |     4 |    10 |    15 |    12 |     3 |    11 ||    60
         Lightning rod     |       |       |       |       |     7 |     7 |     9 |       |     4 ||    27
         Phial of floods   |       |       |       |       |     1 |     3 |     3 |     1 |     2 ||    10
    Use: Scroll            |     1 |     4 |     7 |     9 |    11 |     7 |    10 |     9 |    13 ||    71
         Potion            |       |     2 |     2 |     1 |     3 |    10 |    14 |    10 |    13 ||    55
   Stab: Sleeping          |     5 |     4 |     2 |     4 |    11 |     4 |    10 |     7 |    18 ||    65
         Distracted        |     1 |     1 |       |     4 |     5 |     3 |     9 |     6 |    11 ||    40
         Invisible         |       |       |     2 |     5 |       |       |       |     2 |       ||     9
         Held in net/web   |       |       |     1 |       |     2 |       |       |       |       ||     3
         Petrified         |       |       |       |       |     4 |       |       |       |       ||     4
 Armour: Leather armour    |    21 |    29 |       |       |       |       |       |       |       ||    50
         Chain mail        |       |    41 |   187 |   416 |   879 |   393 |   864 |   569 |   738 ||  4087
         Swamp dragon scal |       |       |       |       |       |   158 |       |       |       ||   158
         Ice dragon scales |       |       |       |       |       |       |    37 |       |       ||    37
         Acid dragon scale |       |       |       |       |       |       |       |   193 |     4 ||   197
         Skin              |       |       |       |       |       |       |       |       |   249 ||   249
  Dodge: Dodged            |    67 |   135 |   240 |   586 |  1120 |   447 |   404 |   406 |   622 ||  4027
  Block: Other             |       |       |       |       |    89 |       |       |       |       ||    89
         Reflection        |       |       |       |       |    33 |   117 |    63 |    28 |    37 ||   278
         Buckler           |       |       |       |       |   108 |   215 |   665 |   112 |       ||  1100
         Tower shield      |       |       |       |       |       |   924 |       |       |       ||   924
         Kite shield       |       |       |       |       |       |    98 |     8 |   866 |  1447 ||  2419
   Form: Statue            |       |       |       |       |       |       |       |       |     3 ||     3
                           |       |       |       |       |       |       |       |       |     1 ||     1
